 Dungeon Crawl Stone Soup version 0.32-a0-132-g2d33c3c (webtiles) character file.

Game seed: 17520545961717597801

33 Dorkslayer the Trooper (level 3, -4/26 HPs)
             Began as an Octopode Fighter on Feb 9, 2024.
             Slain by a gnoll
             ... wielding a +0 halberd
              (11 damage)
             ... on level 2 of the Dungeon.
             The game lasted 00:01:54 (910 turns).

Dorkslayer the Trooper (Octopode Fighter)            Turns: 910, Time: 00:01:54

Health: -4/26      AC:  1    Str: 17    XL:     3   Next: 29%
Magic:  3/3        EV: 13    Int: 10    God:
Gold:   97         SH:  5    Dex: 11    Spells: 2/2 levels left

rFire   . .          .
                       - Unarmed
rCold   . . .        a - +1 buckler
rNeg    . . .        (helmet restricted)
rPois   .            (no amulet)
rElec   .            (no ring)
rCorr   .            (no ring)
SInv    .            (no ring)
Will    .....        (no ring)
Stlth   ++           (no ring)
HPRegen 0.24/turn    (no ring)
MPRegen 0.08/turn    (no ring)
                     (no ring)

%: no passive effects
@: no status effects
A: almost no armour, amphibious, 8 rings, camouflage 1, gelatinous body 1,
(nimble swimmer 1), tentacles
a: no special abilities


You were on level 2 of the Dungeon.
You visited 1 branch of the dungeon, and saw 2 of its levels.

You collected 97 gold pieces.

Inventory:

Hand Weapons
 f - a +0 mace
Missiles
 c - 3 boomerangs (quivered)
Armour
 a - a +1 buckler (worn)
Potions
 b - 2 potions of might
 i - a potion of mutation {unknown}


   Skills:
 + Level 3.3 Fighting
 + Level 3.1 Dodging
 + Level 0.5 Stealth
 + Level 3.2 Shields
 * Level 2.8 Unarmed Combat


You had 2 spell levels left.
You didn't know any spells.
Your spell library contained the following spells:

 Spells                   Type           Power      Damage    Failure   Level
 Lesser Beckoning         Tloc           0%         N/A       58%         2
 Gell's Gravitas          Tloc           0%         N/A       82%         3
 Teleport Other           Tloc           0%         N/A       82%         3


Dungeon Overview and Level Annotations

Branches:
Dungeon (2/15)

Altars:

Shops:
D:1 (   D:2 =


Innate Abilities, Weirdness & Mutations

You cannot wear most types of armour.
You are amphibious.
You can wear up to eight rings at the same time.
Your skin changes colour to match your surroundings (Stealth+).
Your rubbery body absorbs attacks. (AC +1, EV +1)
((You are camouflaged when in or above water. (Stealth+)))
You have tentacles for arms and can constrict up to eight enemies at once.


Message History

d - a potion of attraction You drop a potion of attraction.
As you read the scroll labelled AREISS JOSSEU, it crumbles to dust.
You feel aware of your surroundings.
You sensed 2 shops/portals.
It was a scroll of revelation.
Your surroundings suddenly seem different.
A hobgoblin comes into view.
Found a potion of might.
The hobgoblin shouts!
You see here 3 boomerangs.
c - 3 boomerangs You completely miss the hobgoblin.
You grab the hobgoblin. You squeeze the hobgoblin.
You kill the hobgoblin!
You see here a hobgoblin corpse.
Found a scroll labelled BYLIYGE CEXZE.
Found an escape hatch in the ceiling.
b - 2 potions of might (gained 1)
A kobold comes into view. It is wielding a +0 club.
Found Ceuss's One-of-a-Kind Rings.
The kobold shouts!
A gnoll comes into view. It is wielding a +0 club.
A gnoll comes into view. It is wielding a +0 halberd.
Found a stone.
The gnoll shouts! x2
A gnoll comes into view. It is wielding a +0 club.
There is an entrance to Ceuss's One-of-a-Kind Rings here.
The gnoll shouts!
You tentacle-slap the gnoll but do no damage.
Your grab misses the gnoll. You block the gnoll's attack.
The gnoll hits you from afar with a +0 halberd!
Ouch! That really hurt!
You block the kobold's attack. The gnoll hits you with a +0 club.
* * * LOW HITPOINT WARNING * * *
The gnoll closely misses you. You block the kobold's attack.
You tentacle-slap the gnoll but do no damage.
You grab the gnoll. You constrict the gnoll. The gnoll closely misses you.
The gnoll hits you with a +0 halberd!
You die...

*,**,* **,*,,*,,,,,,,,,,,,,,***
*,**,*****,*,***..,,,,,,,,,,,,,,
*,**,,,,**,*,,*,.#*##,,,,,,,,,,,
*,*****,**,*,*,*.#...,.,,,,,,,**
*,,,,,,,,..,,,,,.#.##.,*,,,,,**
*******,*#.*,,,,.....,.,*,,,**
*,*#.*####g..#..#*,*.#*
*,*#.##...#.....#*,*.#
*,*#<#..K@g#,,,,,,,*.#
#,*#.#..∩g.#,,,*****.#
#.##.#.....#,*,* *.#
#.....#.(.#..#,* *.#
##########..####..##,* ##.#
##########..########.####<.#
*#######.........?..........#
,.........####.###########.######
,.........####.# ***###.^........


You could see 3 gnolls and a kobold.

Vanquished Creatures
  2 dart slugs
  7 endoplasms (D:1)
  A giant cockroach (D:1)
  A goblin (D:1)
  3 hobgoblins
  3 kobolds (D:1)
  A quokka (D:1)
  2 ball pythons (D:1)
  A bat (D:1)
  2 frilled lizards (D:1)
  3 rats (D:1)
26 creatures vanquished.

Notes
Turn   | Place    | Note
-------+----------+-------------------------------------------
     0 | D:1      | Dorkslayer the Octopode Fighter began the quest for the
                  | Orb.
     0 | D:1      | Reached XP level 1. HP: 16/16 MP: 1/1
   213 | D:1      | Reached XP level 2. HP: 18/21 MP: 2/2
   321 | D:1      | Found Xyilout's Weapon Shop.
   485 | D:1      | Reached XP level 3. HP: 24/26 MP: 3/3
   831 | D:2      | Found a faded altar of an unknown god.
   904 | D:2      | Found Ceuss's One-of-a-Kind Rings.
   910 | D:2      | Slain by a gnoll

Illustrated notes

Levels and vault maps discovered:
D:1:      dpeg_arrival_simpleton_b, layout_basic, serial_shops, shop,
          chequers_arboretum
D:2:      cheibrodos_old_hovel, layout_loops_ring, serial_shops,
          nicolae_diamond_shop, nicolae_ecumenical_oubliette,
          minmay_misc_feat_ornament, nicolae_shop_unique_rings

Action                     || total
---------------------------++-------
  Melee: Unarmed           ||    57
         Constrict         ||    10
         Tentacles         ||    10
         Punch             ||     1
    Use: Scroll            ||     4
   Stab: Sleeping          ||     2
         Distracted        ||     1
 Armour: Skin              ||    17
  Dodge: Dodged            ||    17
  Block: Buckler           ||     8

Table legend: (Time is in decaauts)
 A = Elapsed time spent in this place.
 B = Non-inter-level travel time spent in this place.
 C = Inter-level travel time spent in this place.
 D = Time resting spent in this place.
 E = Time spent auto-exploring this place.
 F = Levels seen in this place.
 G = Mean time per level.
                   A        B        C        D        E       F      G
               +--------+--------+--------+--------+--------+-----+--------+
         Total |    910 |    910 |      0 |      0 |    535 |   2 |  455.0 |
       Dungeon |    910 |    910 |      0 |      0 |    535 |   2 |  455.0 |
               +--------+--------+--------+--------+--------+-----+--------+

Top non-repeatable levels by time:
     D:1: 854 daAuts
     D:2: 55 daAuts
